Map: Royal Blood LE

Players

MattBarry

  • Race: Zerg Zerg
  • League: Diamond
  • Spawn Location: 7:00

IIIIIIIIIIII - Winner!

  • Race: Terran Terran
  • League: Master
  • Spawn Location: 1:00

VOD

Have the link to the VOD?

Description

Time

  • Played on: June 11, 2023, 8:20 a.m.
  • Length: 7:34
Show
View Real Time Build Order
Export as new Build Order

MattBarry Zerg 

Build Orders: Pool First 

Get SALT Encoding   

  12  1:14  Drone x2  
  13  1:19  Overlord  
  13  1:30  Spawning Pool  
  12  1:37  Drone x2  
  14  1:59  Hatchery  
  13  2:03  Drone x2  
  15  2:13  Drone  
  16  2:17  Queen  
  16  2:20  Drone  
  16  2:21  Extractor  
  18  2:31  Drone  
  19  2:43  Drone  
  20  2:58  Hatchery  
  19  3:13  Roach Warren, Zergling x4  
  19  3:16  Zergling x2  
  21  3:23  Spine Crawler  
  19  3:32  Zergling x2  
  20  3:35  Queen  
  20  3:39  Drone x2  
  23  3:53  Spine Crawler  
  20  4:15  Drone  
  20  4:18  Drone x7  
  24  4:33  Roach x2  
  24  4:34  Drone  
  29  4:41  Roach  
  31  4:50  Roach  
  19  5:10  Extractor  
  19  5:11  Roach x2  
  20  5:20  Hatchery  
  9  5:40  Drone  
  8  6:17  Extractor  
Show
View Real Time Build Order
Export as new Build Order

IIIIIIIIIIII Terran - Winner!

Build Orders:  

Get SALT Encoding   

  12  0:00  SCV  
  13  0:13  SCV  
  14  0:19  Supply Depot  
  14  0:25  Refinery  
  14  0:29  SCV  
  15  0:43  Barracks  
  15  0:48  SCV  
  16  0:59  Refinery  
  16  1:00  SCV  
  17  1:12  SCV  
  18  1:24  SCV  
  19  1:31  Marine, Factory  
  20  1:37  SCV  
  21  1:49  Marine, SCV  
  21  1:52  Supply Depot  
  23  2:06  Barracks  
  23  2:13  Marine  
  23  2:15  Hellion  
  26  2:31  Marine  
  26  2:32  Barracks  
  27  2:40  Factory Tech Lab  
  27  2:49  Marine  
  28  2:55  Supply Depot  
  28  2:56  Marine  
  29  3:07  Marine  
  29  3:09  Bunker  
  30  3:14  Marine  
  30  3:16  Siege Tank  
  34  3:26  Marine x2  
  36  3:36  Marine  
  37  3:47  Factory  
  37  3:49  Supply Depot  
  37  3:59  Marine  
  37  4:00  Orbital Command  
  38  4:10  Siege Tank  
  38  4:14  Marine  
  41  4:22  Marine x2  
  43  4:29  SCV  
  43  4:30  Supply Depot  
  44  4:32  Marine  
  44  4:33  Factory Tech Lab  
  45  4:47  Marine x2  
  45  4:51  Marine  
  45  4:52  Supply Depot  
  48  4:57  Siege Tank  
  51  5:01  Engineering Bay  
  51  5:05  Marine  
  51  5:06  Marine  
  53  5:09  Marine  
  53  5:39  Marine x2  
  53  5:40  Marine, Terran Infantry Weapons Level 1, Supply Depot  
  56  6:35  Command Center  
  56  6:51  Barracks Reactor  
  56  6:56  Starport  
  56  6:58  Barracks  
  56  6:59  Barracks  
  56  7:13  Barracks Tech Lab  
Tags
 
Add a new tag
Caveats
  • Supply blocks, unpowered buildings, or Contaminate may cause inaccurate times.
  • Supply counts are checked every 10 seconds.